 Dungeon Crawl Stone Soup version 0.28.0-53-g5a82cb258f (webtiles) character file.

Game seed: 6361838355708399894

457 issech the Chopper (level 6, -4/56 HPs)
             Began as a Minotaur Monk on June 7, 2022.
             Splashed by a jelly's acid (5 damage)
             ... on level 4 of the Dungeon.
             The game lasted 00:09:23 (4464 turns).

issech the Chopper (Minotaur Monk)                  Turns: 4464, Time: 00:09:24

Health: -4/56      AC:  3    Str: 16    XL:     6   Next: 77%
Magic:  5/5        EV:  6    Int:  7    God:
Gold:   89         SH:  0    Dex: 14    Spells: 5/5 levels left

rFire   . . .      SeeInvis .   a - +0 hand axe
rCold   . . .      Faith    .   (no shield)
rNeg    . . .      Spirit   .   l - +0 plate armour
rPois   .          Reflect  .   (helmet restricted)
rElec   .          Harm     .   (no cloak)
rCorr   .          Rampage  .   (no gloves)
Will    .....                   (no boots)
Stlth   ..........              (no amulet)
HPRegen 0.18/turn               (no ring)
MPRegen 0.09/turn               (no ring)

@: corroded
A: horns 2, retaliatory headbutt
a: no special abilities


You were on level 4 of the Dungeon.
You visited 1 branch of the dungeon, and saw 4 of its levels.

You collected 115 gold pieces.
You spent 26 gold pieces at shops.

Inventory:

Hand Weapons
 a - a +0 hand axe (weapon)
 r - the +7 dagger of Giqulack {holy, Int+6 Dex-3 SInv}
   (You found it on level 3 of the Dungeon)

   It has been blessed by the Shining One to cause great damage to the undead
   and demons.
   Int:       It affects your intelligence (+6).
   Dex:       It affects your dexterity (-3).
   SInv:      It lets you see invisible.
 s - a +0 flail
 z - a +0 hunting sling
Missiles
 h - 92 stones (quivered)
 n - 41 arrows
 x - 29 bolts
Armour
 i - a +0 ring mail
 l - a +0 plate armour (worn)
 m - an orb of mayhem
Wands
 o - a wand of flame (20)
 q - a wand of polymorph (2)
 v - a wand of charming (9)
Scrolls
 y - a scroll of teleportation
Potions
 b - a potion of ambrosia {unknown}
 c - a potion of invisibility {unknown}
 d - a potion of might {unknown}
 e - 2 potions of haste {unknown}
 f - a potion of degeneration {unknown}
 j - a potion of resistance {unknown}
 k - a potion of flight {unknown}
 t - a potion of attraction {unknown}
 u - a potion of mutation {unknown}
 w - a potion of heal wounds {unknown}


   Skills:
 + Level 5.0 Fighting
 + Level 6.7 Axes
 + Level 4.0 Armour
 + Level 3.9 Dodging
 + Level 2.0 Stealth
 + Level 0.2 Unarmed Combat


You had 5 spell levels left.
You didn't know any spells.
Your spell library was empty.

Dungeon Overview and Level Annotations

Branches:
Dungeon (4/15)
 Temple: D:4-7

Altars:
Okawaru
Qazlal
Ru
Trog

Shops:
D:1 ?

Annotations:
D:4 Grinder


Innate Abilities, Weirdness & Mutations

You have a pair of horns on your head.
You reflexively headbutt those who attack you in melee.


Message History

You hit the orc priest but do no damage.
The orc priest completely misses you. You furiously retaliate!
You headbutt the orc priest.
You kill the orc priest!
Grinder hits you.
The orc priest mumbles some strange prayers to Beogh against you.
You barely resist. You closely miss Grinder.
You headbutt Grinder, but do no damage.
Grinder is moderately wounded.
You hit the jelly.
Your hands burn!
Grinder closely misses you. The jelly hits you but does no damage.
You hit Grinder.
Grinder is moderately wounded.
You hit the jelly. The acid corrodes you!
Your hands burn!
Grinder hits you but does no damage. The jelly hits you but does no damage.
You hit Grinder but do no damage.
Grinder is moderately wounded.
You hit the jelly.
Your hands burn!
Grinder blinks!
The jelly hits you. The acid corrodes you!
You are splashed with acid!
The orc priest mumbles some strange prayers to Beogh against you.
Beogh smites you!
* * * LOW HITPOINT WARNING * * *
You hit the jelly but do no damage.
Your hands burn!
* * * LOW HITPOINT WARNING * * *
You headbutt the jelly.
The jelly is severely wounded.
The jelly barely misses you. You furiously retaliate!
You headbutt the jelly. You barely miss the jelly.
The jelly is severely wounded.
The jelly hits you but does no damage.
You hit the jelly but do no damage.
Your hands burn!
* * * LOW HITPOINT WARNING * * *
The jelly is severely wounded.
The jelly hits you but does no damage.
You hit the jelly.
Your hands burn!
* * * LOW HITPOINT WARNING * * *
The jelly is severely wounded.
The jelly hits you but does no damage.
You hit the jelly.
Your hands burn!
You die...

#######..######.#...#.
.≈≈≈..#.## ###.......
≈...≈..#.###.......#.
≈._.≈...#.##.###.....
≈...≈..#.÷##.#####...
.≈≈≈..#.÷÷##.#.......
..#######.#.###.#.###...
..............#.#.# ##..
####@####......#####.
#J####..#.###...##
#o##....o#.o)o..##
#o##.##.#.###o....
#o##.##.###......#
#.5..oo.# #o......
####.#### #......# #.#
#......# #.# #......#


You could see Grinder, a jelly, an orc priest and 2 orcs.

Vanquished Creatures
  A bullfrog (D:4)
  An orc priest (D:4)
  A bullfrog skeleton (D:4)
  4 iguanas
  Ijyb (D:3)
  2 orc wizards (D:3)
  5 adders
  4 gnolls
  A worm (D:2)
  10 orcs
  4 endoplasms
  A giant cockroach (D:2)
  4 goblins
  4 hobgoblins
  3 jackals (D:2)
  4 kobolds
  5 quokkas
  7 ball pythons
  4 bats
  A frilled lizard (D:2)
  A rat (D:1)
68 creatures vanquished.

Notes
Turn   | Place    | Note
-------+----------+-------------------------------------------
     0 | D:1      | issech the Minotaur Monk began the quest for the Orb.
     0 | D:1      | Reached XP level 1. HP: 19/19 MP: 0/0
   194 | D:1      | Found Hem Cyen's Magic Scroll Emporium.
   504 | D:1      | Found a faded altar of an unknown god.
   509 | D:1      | Reached XP level 2. HP: 27/27 MP: 1/1
   674 | D:1      | Reached skill level 4 in Axes
  1122 | D:2      | Reached XP level 3. HP: 33/33 MP: 2/2
  1421 | D:2      | Reached skill level 1 in Armour
  1544 | D:2      | Reached XP level 4. HP: 33/40 MP: 3/3
  1682 | D:1      | Bought a scroll of identify for 26 gold pieces
  1749 | D:3      | Noticed Ijyb
  1757 | D:3      | Killed Ijyb
  1758 | D:3      | Reached skill level 5 in Axes
  1799 | D:3      | Identified the +7 dagger of Giqulack {holy, Int+6 Dex-3
                  | SInv}
  1874 | D:2      | Reached XP level 5. HP: 8/46 MP: 4/4
  2581 | D:3      | HP: 1/47 [gnoll/+0 halberd (4)]
  3940 | D:3      | Reached XP level 6. HP: 53/53 MP: 5/5
  4074 | D:4      | Found an iron altar of Okawaru.
  4090 | D:4      | Found a bloodstained altar of Trog.
  4132 | D:4      | Reached skill level 6 in Axes
  4153 | D:4      | Found a sacrificial altar of Ru.
  4173 | D:4      | Reached skill level 5 in Fighting
  4431 | D:4      | Found a stormy altar of Qazlal.
  4431 | D:4      | Noticed Grinder
  4462 | D:4      | HP: 2/56 [acid (5)]
  4464 | D:4      | Splashed by a jelly's acid

Illustrated notes

Levels and vault maps discovered:
D:1:      psy_arrival_basics, layout_basic, dreamdust_ecumenical_altar_statues,
          serial_shops, nicolae_shop_statue_plus
D:2:      layout_basic, minmay_pentomino_x2
D:3:      layout_loops_cross, uniq_ijyb
D:4:      layout_loops_cross, mainiacjoe_overflow_cross_hatched,
          okawaru_metal_pillars_1_2, overflow_temple_1_default,
          nicolae_ru_awakened_eye, ebering_ghost_sewer_d, chequers_arboretum,
          uniq_grinder

Skill      XL: |  1  2  3  4  5  6 |
---------------+-------------------+-----
Axes           | 4 5 6 |  6.7
Fighting       | 4 5 |  5.0
Armour         | 1 2 3 4 |  4.0
Stealth        | 2 |  2.0
Dodging        | |  3.9
Unarmed Combat | |  0.2

Action                   |  1- 3 |  4- 6 || total
-------------------------+-------+-------++-------
Melee: Hand axe          |    75 |   172 ||   247
       Headbutt          |    12 |    34 ||    46
       Unarmed           |       |     3 ||     3
       Punch             |       |     1 ||     1
  Use: Scroll            |       |     2 ||     2
 Stab: Sleeping          |     1 |       ||     1
Armor: Robe              |     3 |       ||     3
       Ring mail         |    15 |       ||    15
       Plate armour      |    28 |    90 ||   118
       Skin              |       |     1 ||     1
Dodge: Dodged            |    39 |    66 ||   105
